 Dungeon Crawl Stone Soup version 0.30.1-11-g7821555f0a (webtiles) character file.

Game seed: 587940790342761012

107 Ijustatesigmund the Digger (level 4, -1/23 HPs)
             Began as a Gargoyle Earth Elementalist on Nov 17, 2023.
             Slain by an orc
             ... wielding a +0 club
              (2 damage)
             ... on level 2 of the Dungeon.
             The game lasted 00:02:39 (1933 turns).

Ijustatesigmund the Digger (GrEE)                   Turns: 1933, Time: 00:02:42

Health: -1/23      AC:  5    Str: 12    XL:     4   Next: 85%
Magic:  1/8        EV: 11    Int: 17    God:
Gold:   76         SH:  0    Dex: 10    Spells: 8/9 levels left

rFire   + . .        i - +0 hand axe
rCold   + . .        (no shield)
rNeg    + . .        a - +0 robe
rPois   ∞            (no helmet)
rElec   +            k - scarf {rC+ rF+}
rCorr   .            (no gloves)
SInv    .            l - +0 pair of boots
Will    .....        (no amulet)
Stlth   ++           (no ring)
HPRegen 0.23/turn    (no ring)
MPRegen 0.11/turn

%: no passive effects
@: brilliant, unable to drink
A: sickness immunity, AC +3, negative energy resistance 1, electricity
resistance, torment resistance 1, petrification resistance, deformed body, frail
1, inability to drink after injury 1, devolution 1
a: no special abilities


You were on level 2 of the Dungeon.
You visited 1 branch of the dungeon, and saw 3 of its levels.

You collected 76 gold pieces.

Inventory:

Hand Weapons
 i - a +0 hand axe (weapon)
Armour
 a - a +0 robe (worn)
 k - a scarf of resistance (worn)
 l - a +0 pair of boots (worn)
Jewellery
 c - a ring of ice
 j - a +6 ring of dexterity
Scrolls
 d - a scroll of noise {unknown}
 f - a scroll of identify {unknown}
 h - 2 scrolls of immolation {unknown}
Potions
 b - a potion of magic
 g - a potion of brilliance


   Skills:
 + Level 1.9 Fighting
 - Level 1.5 Dodging
 - Level 2.1 Stealth
 + Level 3.2 Spellcasting
 - Level 0.7 Transmutations
 + Level 4.9 Earth Magic


You had 8 spell levels left.
You knew the following spells:

 Your Spells              Type           Power      Damage    Failure   Level
a - Sandblast             Erth           58%        2d13      2%          1

Your spell library contained the following spells:

 Spells                   Type           Power      Damage    Failure   Level
 Passwall                 Tmut/Erth      15%        N/A       9%          2
 Stone Arrow              Conj/Erth      32%        3d9       19%         3
 Ensorcelled Hibernation  Hex/Ice        8%         N/A       26%         2
 Spider Form              Tmut/Pois      5%         N/A       41%         3
 Petrify                  Tmut/Erth      18%        N/A       47%         4
 Anguish                  Hex/Necr       2%         N/A       86%         4


Dungeon Overview and Level Annotations

Branches:
Dungeon (3/15)

Altars:


Innate Abilities, Weirdness & Mutations

You are immune to sickness and miasma.
Your stone body is resilient. (AC +3)
You are immune to poison.
You resist negative energy. (rN+)
You are resistant to electric shocks. (rElec)
You are resistant to unholy torment.
You are immune to petrification.
Armour fits poorly on your strangely shaped body.
You are frail. (-10% HP)
You occasionally lose the ability to drink potions when taking damage.
You have hidden genetic defects.


Message History

The orc hits you with a +0 club.
You feel threatened and lose the ability to drink potions!
* * * LOW HITPOINT WARNING * * *
You barely miss the orc. The orc closely misses you.
The orc hits you with a +0 club.
* * * LOW HITPOINT WARNING * * *
You hit the orc but do no damage.
You can drink potions again.
The orc hits you but does no damage.
You feel a genetic drift.
Your body twists and deforms.
You barely miss the orc. The orc hits you but does no damage.
You closely miss the orc. The orc hits you with a +0 club.
* * * LOW HITPOINT WARNING * * *
Casting: Sandblast (safe; 2% risk of failure)
Confirm with . or Enter, or press ? or * to list all spells.
Aiming: Sandblast (safe; 2% risk of failure)
Press: ? - help, Shift-Dir - straight line, f - orc
Aim: an orc, wielding a +0 club and wearing a +0 chain mail (87% to hit)
You feel a surge of power!
The blast of sand misses the orc.
The orc barely misses you. The orc hits you but does no damage.
You closely miss the orc. The orc closely misses you.
You hit the orc.
The orc is heavily wounded.
The orc misses you. The orc barely misses you.
You hit the orc but do no damage.
The orc is heavily wounded.
The orc closely misses you.
You completely miss the orc.
The orc is heavily wounded.
The orc hits you but does no damage.
You hit the orc but do no damage.
The orc is heavily wounded.
The orc closely misses you.
You hit the orc but do no damage.
The orc is heavily wounded.
The orc hits you with a +0 club.
You feel threatened and lose the ability to drink potions!
* * * LOW HITPOINT WARNING * * *
The orc hits you with a +0 club.
You die...

.................#.# #..........
.#....#..........#.# #..........
#######....).....#.# #..........
......#..........#.####..........
#####.#..........#......)........
....#.##.........#...............
###.#.##########.#...............
..#.#.##########)#.......[.......
....#..........)@..####..........
.....##########o.).# #..........
..............'....# #..........
.....####...###...## #..........
.....# #...# #...# ###########
.....# #...# #...# #........
.....# #...# #...# #......<.
.....# #...###...#######........
.....# #...#..........##........


You could see an orc.

Vanquished Creatures
  2 orc priests (D:2)
  A gnoll (D:1)
  A dart slug (D:2)
  An orc (D:2)
  A ball python (D:1)
  A bat (D:1)
  4 endoplasms
  2 giant cockroaches
  4 goblins
  2 hobgoblins (D:1)
  3 kobolds
  4 quokkas
  5 frilled lizards
  2 rats
33 creatures vanquished.

Notes
Turn   | Place    | Note
-------+----------+-------------------------------------------
     0 | D:1      | Ijustatesigmund the Gargoyle Earth Elementalist began the
                  | quest for the Orb.
     0 | D:1      | Reached XP level 1. HP: 10/10 MP: 3/3
   155 | D:1      | Reached XP level 2. HP: 15/15 MP: 3/5
   228 | D:1      | Reached skill level 4 in Earth Magic
   613 | D:1      | Reached XP level 3. HP: 19/20 MP: 1/7
  1595 | D:2      | Reached skill level 1 in Fighting
  1912 | D:2      | Reached XP level 4. HP: 25/25 MP: 3/8
  1915 | D:2      | Gained mutation: You have hidden genetic defects. [potion
                  | of mutation]
  1915 | D:2      | Gained mutation: You are frail. (-10% HP) [potion of
                  | mutation]
  1915 | D:2      | Gained mutation: You occasionally lose the ability to drink
                  | potions when taking damage. [potion of mutation]
  1924 | D:2      | Gained mutation: Armour fits poorly on your strangely
                  | shaped body. [hidden defects]
  1933 | D:2      | HP: 1/23 [orc/+0 club (3)]
  1933 | D:2      | Slain by an orc

Illustrated notes

Levels and vault maps discovered:
D:1:      dpeg_arrival_three_same_balls, layout_loops_ring
D:2:      layout_basic, chequers_jeans, interstate_on_off, due_unseen_surprise
D:3:      layout_basic, nicolae_overflow_hallway_of_the_gods,
          chequers_temple_overflow_minitemple, lemuel_crystal_altar,
          serial_shops, shop, kennysheep_nub, uniq_natasha, uniq_ijyb,
          uniq_terence

Skill      XL: |  1  2  3 |
---------------+----------+-----
Earth Magic    | 4 |  4.9
Fighting       | 1 |  1.9
Spellcasting   | 3 |  3.2
Dodging        | |  1.5
Stealth        | |  2.1
Transmutations | |  0.7

Action                     |  1- 3 |  4- 6 || total
---------------------------+-------+-------++-------
  Melee: Hand axe          |       |    14 ||    14
         Punch             |       |     2 ||     2
   Cast: Sandblast         |    47 |     6 ||    53
    Use: Potion            |       |     2 ||     2
 Armour: Robe              |     7 |    11 ||    18
  Dodge: Dodged            |    16 |    17 ||    33
